[Event "TCEC Season 22 - Infrafinal"]
[Site "https://tcec-chess.com"]
[Date "2022.04.02"]
[Round "35.1"]
[White "rofChade 2.323"]
[Black "LCZero 0.29-dev+_AP-Mish-2M"]
[Result "1/2-1/2"]
[ECO "B07"]
[WhiteElo "3484"]
[BlackElo "3589"]
[Annotator "NA RC"]
[PlyCount "86"]
[EventDate "2022.??.??"]
[SourceTitle "playchess.com"]
[Source "ChessBase"]
[SourceQuality "1"]
[TimeControl "5400+9"]

1. e4 d6 2. d4 Nf6 3. Nc3 c6 4. f4 Qa5 5. Bd3 e5 6. Nf3 Nbd7 7. O-O Be7 8. Be3 O-O 9. h3 Qc7 10. a4 exd4 11. Bxd4 b6 12. Bc4 Bb7 13. e5 dxe5 14. fxe5 Nd5 15. Qd3 Rad8 16. Bxd5 Nc5 17. Bxc5 Bxc5+ 18. Kh1 cxd5 19. Ng5 g6 20. e6 f5 21. Nb5 Qg7 22. Rae1 Rde8 23. c3 Qf6 24. b4 a6 25. Nc7 Be7 26. Nf7 Rc8 27. Nxd5 Bxd5 28. Qxd5 Qxc3 29. Rc1 Qe3 30. Rce1 Qc3 31. Rc1 Qe3 32. Rcd1 Rc2 33. Rd3 Qe4 34. Qxe4 fxe4 35. Rd7 Re8 36. Nd6 Rf8 37. Rg1 e3 38. Rxe7 e2 39. Nf7 Rfc8 40. Nh6+ Kh8 41. Nf7+ Kg8 42. Ne5 Rc1 43. Nd3 Rd1 1/2-1/2

[Event "TCEC Season 22 - Infrafinal"]
[Site "https://tcec-chess.com"]
[Date "2022.04.02"]
[Round "37.1"]
[White "rofChade 2.323"]
[Black "LCZero 0.29-dev+_AP-Mish-2M"]
[Result "1/2-1/2"]
[ECO "E00"]
[WhiteElo "3484"]
[BlackElo "3589"]
[Annotator "NA"]
[PlyCount "139"]
[EventDate "2022.??.??"]
[SourceTitle "playchess.com"]
[Source "ChessBase"]
[SourceQuality "1"]
[TimeControl "5400+9"]

1. d4 Nf6 2. c4 e6 3. Nc3 b6 4. e4 d6 5. Nf3 Bb7 6. Bd3 Nbd7 7. h3 g6 8. O-O Bg7 9. Be3 O-O 10. Qd2 e5 11. Bc2 exd4 12. Nxd4 Ne5 13. b3 Nc6 14. Nxc6 Bxc6 15. Rae1 Qd7 16. f3 a5 17. Rf2 Rfe8 18. Rfe2 b5 19. Nxb5 Bxb5 20. cxb5 Qxb5 21. Bd3 Qb8 22. Qc1 d5 23. Bf2 dxe4 24. Bxe4 Nxe4 25. Rxe4 Rxe4 26. Rxe4 Qd8 27. Qc6 Bf8 28. Bd4 Bg7 29. Bxg7 Kxg7 30. Ra4 h5 31. Kh2 Ra7 32. Qc5 Ra6 33. b4 Qf6 34. bxa5 Rc6 35. Qd5 Rd6 36. Qc5 Rc6 37. Qb5 Qd6+ 38. f4 Ra6 39. Rc4 Ra8 40. a3 Qxa3 41. Qe5+ Kh6 42. Rc5 h4 43. Qg5+ Kg7 44. f5 Ra6 45. fxg6 Rxg6 46. Qe5+ Kg8 47. Rxc7 Qg3+ 48. Qxg3 hxg3+ 49. Kg1 Rg5 50. Rc3 Rxa5 51. Rxg3+ Kf8 52. Rf3 Rb5 53. g3 Rc5 54. h4 Kg7 55. Rf1 Rc3 56. Kf2 Kg6 57. Kg2 Kg7 58. Rf4 Rc7 59. g4 Rb7 60. h5 Rc7 61. Rf1 Rc4 62. Kh3 Rc7 63. g5 Kh7 64. Rf6 Kg8 65. h6 Rc1 66. Rf3 Rg1 67. Kh4 Ra1 68. Rf2 Rb1 69. Rf3 Rh1+ 70. Kg4 1/2-1/2

[Event "TCEC Season 22 - Infrafinal"]
[Site "https://tcec-chess.com"]
[Date "2022.04.03"]
[Round "39.1"]
[White "rofChade 2.323"]
[Black "LCZero 0.29-dev+_AP-Mish-2M"]
[Result "1/2-1/2"]
[ECO "B06"]
[WhiteElo "3484"]
[BlackElo "3589"]
[Annotator "NA RC"]
[PlyCount "107"]
[EventDate "2022.??.??"]
[SourceTitle "playchess.com"]
[Source "ChessBase"]
[SourceQuality "1"]
[TimeControl "5400+9"]

1. e4 g6 2. d4 Bg7 3. Nf3 c5 4. d5 d6 5. Nc3 Nf6 6. Bc4 Na6 7. Bf4 Nh5 8. Be3 Nc7 9. O-O a6 10. a4 b6 11. h3 O-O 12. Re1 Rb8 13. e5 dxe5 14. Bg5 b5 15. Bxe7 Qxe7 16. d6 Qe8 17. dxc7 Rb7 18. axb5 axb5 19. Bxb5 Rxb5 20. Nxb5 Qxb5 21. Qd6 Nf4 22. Nxe5 Ne2+ 23. Kh2 Bxe5+ 24. Qxe5 Nd4 25. b3 Qb6 26. Rad1 Nb5 27. Rd8 Qxc7 28. Rd5 Be6 29. Qxc7 Nxc7 30. Rxc5 Nd5 31. c4 Nf6 32. b4 Rb8 33. Rb5 Rxb5 34. cxb5 Nd5 35. Kg3 Kf8 36. Kf3 Ke7 37. Ke4 Nxb4 38. Rd1 Bd7 39. Rd4 Nc2 40. Rd2 Na3 41. b6 Nc4 42. b7 Bc6+ 43. Kd4 Bxb7 44. Kxc4 Bxg2 45. h4 h6 46. Kd4 Kf6 47. Ke3 g5 48. Rd6+ Kg7 49. hxg5 hxg5 50. Rb6 f6 51. Rb4 Kg6 52. f3 Bh3 53. f4 Bf5 54. fxg5 1/2-1/2

[Event "TCEC Season 22 - Infrafinal"]
[Site "https://tcec-chess.com"]
[Date "2022.04.03"]
[Round "41.1"]
[White "rofChade 2.323"]
[Black "LCZero 0.29-dev+_AP-Mish-2M"]
[Result "1/2-1/2"]
[ECO "A56"]
[WhiteElo "3484"]
[BlackElo "3589"]
[Annotator "NA RC"]
[PlyCount "99"]
[EventDate "2022.??.??"]
[SourceTitle "playchess.com"]
[Source "ChessBase"]
[SourceQuality "1"]
[TimeControl "5400+9"]

1. d4 Nf6 2. c4 c5 3. d5 e5 4. Nc3 d6 5. e4 h5 6. h4 g6 7. g3 Bh6 8. Bxh6 Rxh6 9. f3 Rh8 10. Qd2 Kf8 11. Nh3 Bxh3 12. Bxh3 Nbd7 13. Kd1 Qe7 14. Qg5 a6 15. Kc2 b5 16. cxb5 axb5 17. Bxd7 Nxd7 18. Nxb5 Nf6 19. b3 Kg7 20. a4 Rhb8 21. Rhb1 Qd7 22. Qe3 Qd8 23. Qc3 Kg8 24. Rg1 Ra6 25. Kd2 Nd7 26. Qd3 Nb6 27. Nxd6 Rba8 28. Nc4 Nxc4+ 29. Qxc4 Rb6 30. Ke2 Rb4 31. Qc3 Rab8 32. Ra3 c4 33. Rb1 Qd6 34. a5 R4b5 35. b4 Rxb4 36. Rxb4 Rxb4 37. Ra2 Kh7 38. Rb2 Ra4 39. Rd2 Qc5 40. Qxe5 c3 41. Rc2 Rd4 42. Qf6 Qc4+ 43. Kf2 Rd2+ 44. Rxd2 cxd2 45. Qxf7+ Kh8 46. Qf8+ Kh7 47. Qf7+ Kh8 48. Qf8+ Kh7 49. Qe7+ Kg8 50. Qe6+ 1/2-1/2

[Event "TCEC Season 22 - Infrafinal"]
[Site "https://tcec-chess.com"]
[Date "2022.04.03"]
[Round "43.1"]
[White "rofChade 2.323"]
[Black "LCZero 0.29-dev+_AP-Mish-2M"]
[Result "1/2-1/2"]
[ECO "B00"]
[WhiteElo "3484"]
[BlackElo "3589"]
[Annotator "NA"]
[PlyCount "165"]
[EventDate "2022.??.??"]
[SourceTitle "playchess.com"]
[Source "ChessBase"]
[SourceQuality "1"]
[TimeControl "5400+9"]

1. e4 Nc6 2. Nf3 f5 3. exf5 d5 4. Bb5 Bxf5 5. Ne5 Bd7 6. Bxc6 Bxc6 7. O-O Nf6 8. Re1 Bd7 9. d4 e6 10. Bg5 Bd6 11. c4 dxc4 12. Nxc4 O-O 13. Nc3 Qe8 14. Bxf6 Rxf6 15. Nd5 Rg6 16. Nxd6 cxd6 17. Nc7 Ba4 18. Qf3 Bc6 19. d5 Qc8 20. Nxe6 Rxe6 21. Rxe6 Qxe6 22. dxc6 bxc6 23. Qxc6 Rc8 24. Qb7 a5 25. a4 Qf5 26. b4 Rf8 27. Rf1 axb4 28. Qxb4 Qc5 29. Qb5 Rf4 30. Qb8+ Rf8 31. Qb5 Rf4 32. Qb8+ Rf8 33. Qb2 d5 34. Rd1 Rf4 35. Qb8+ Rf8 36. Qb2 Rf4 37. Ra1 Qa5 38. Qc2 h6 39. g3 Rf8 40. Rd1 Re8 41. Kg2 Qa8 42. Qb3 Kh8 43. Rd4 Re4 44. Qb4 Rxd4 45. Qxd4 Qc6 46. h3 Qb7 47. h4 Qa8 48. Kh2 Qa6 49. Qxd5 Qxa4 50. Kh3 Qa3 51. Qd8+ Kh7 52. Qd1 Qc5 53. Qe1 h5 54. Qe4+ g6 55. Qb7+ Kg8 56. Qb3+ Kg7 57. Qb2+ Kh7 58. Kh2 Qe7 59. Qc1 Qf7 60. Qe1 Qf6 61. Qd2 Qc6 62. Qe1 Qf6 63. Qe2 Qf7 64. Qc2 Kg7 65. Qd2 Kh7 66. Qe2 Kg8 67. Qd2 Kh7 68. Qe2 Kg8 69. Kg2 Qd5+ 70. Qf3 Qe6 71. Qe3 Qd5+ 72. Qf3 Qe6 73. Qe3 Qd5+ 74. Kg1 Kh7 75. Qc1 Qd7 76. Kh2 Qa7 77. Qc2 Kg7 78. f4 Qe3 79. Qa2 Qd3 80. Qf2 Kf7 81. Qe1 Qc2+ 82. Kg1 Qd3 83. Kh2 1/2-1/2

[Event "TCEC Season 22 - Infrafinal"]
[Site "https://tcec-chess.com"]
[Date "2022.04.04"]
[Round "47.1"]
[White "rofChade 2.323"]
[Black "LCZero 0.29-dev+_AP-Mish-2M"]
[Result "0-1"]
[ECO "A00"]
[WhiteElo "3484"]
[BlackElo "3589"]
[Annotator "NA"]
[PlyCount "100"]
[EventDate "2022.??.??"]
[SourceTitle "playchess.com"]
[Source "ChessBase"]
[SourceQuality "1"]
[TimeControl "5400+9"]

1. g4 d5 2. h3 h5 3. gxh5 e5 4. d3 Nc6 5. a3 Nf6 6. Nc3 Be7 7. Nf3 d4 8. Ne4 Nxe4 9. dxe4 f5 10. Nd2 Be6 11. Bg2 f4 12. Bf3 Qd7 13. Rg1 Bxh3 14. b4 a5 15. b5 Nd8 16. Bb2 Be6 17. Rb1 c5 18. bxc6 Qxc6 19. Rxg7 a4 20. Rg6 Qc5 21. Nf1 Ba2 22. Bg4 Kf8 23. Qc1 Qa5+ 24. Kd1 Ra6 25. Rxa6 Qxa6 26. f3 Rh6 27. Nd2 b5 28. Ke1 Qf6 29. Nf1 Bxb1 30. Qxb1 b4 31. Qa1 Qh4+ 32. Kd2 Qf2 33. Kd3 Nb7 34. axb4 Bxb4 35. Qd1 Rc6 36. h6 a3 37. Ba1 Rxh6 38. Bc8 Nd6 39. c4 dxc3 40. Qc1 a2 41. Ng3 Qa7 42. Be6 Rxe6 43. Nh5 Nf5 44. e3 Qa6+ 45. Kc2 Nxe3+ 46. Qxe3 Qa4+ 47. Kd3 Rd6+ 48. Ke2 Qc2+ 49. Kf1 fxe3 50. Bxc3 Qf2# 0-1

[Event "TCEC Season 22 - Infrafinal"]
[Site "https://tcec-chess.com"]
[Date "2022.04.04"]
[Round "50.1"]
[White "LCZero 0.29-dev+_AP-Mish-2M"]
[Black "rofChade 2.323"]
[Result "1/2-1/2"]
[ECO "A00"]
[WhiteElo "3589"]
[BlackElo "3484"]
[Annotator "NA"]
[PlyCount "283"]
[EventDate "2022.??.??"]
[SourceTitle "playchess.com"]
[Source "ChessBase"]
[SourceQuality "1"]
[TimeControl "5400+9"]

1. g4 d5 2. Bg2 Nc6 3. c4 d4 4. h3 e5 5. d3 h5 6. g5 Nge7 7. Nd2 h4 8. a3 Ng6 9. Ne4 Be7 10. b4 Bf5 11. e3 Qd7 12. Ne2 O-O 13. exd4 Nxd4 14. Nxd4 Qxd4 15. Be3 Qd7 16. Qf3 a5 17. O-O Rfd8 18. Rfd1 axb4 19. axb4 Rxa1 20. Rxa1 Be6 21. Nc5 Bxc5 22. bxc5 c6 23. Ra3 Bf5 24. Bf1 Qe6 25. Bd2 e4 26. dxe4 Bxe4 27. Qe3 Qf5 28. Be2 Qd7 29. Bc3 Re8 30. Bf1 Bc2 31. Qd4 Qxd4 32. Bxd4 Re1 33. Ra1 Rxa1 34. Bxa1 Kh7 35. Kg2 Be4+ 36. f3 Nf4+ 37. Kf2 Bd3 38. Ke3 Bxf1 39. Kxf4 Bxh3 40. Bd4 Kg6 41. Be5 Be6 42. Bd4 Bxc4 43. Kg4 Be2 44. Kxh4 Bxf3 45. Kg3 Bd5 46. Kf4 Bb3 47. Bf2 Ba2 48. Be1 Bb1 49. Bc3 Bd3 50. Be1 Bb1 51. Bc3 Bc2 52. Be1 Bf5 53. Bh4 Bd3 54. Be1 Bc2 55. Bh4 Bb3 56. Be1 Bc4 57. Bh4 Bf1 58. Bf2 Be2 59. Bh4 Bb5 60. Bf2 Bf1 61. Bh4 Be2 62. Bf2 Bc4 63. Bh4 Be6 64. Bf2 Ba2 65. Bh4 Bd5 66. Be1 Bb3 67. Bh4 Be6 68. Bf2 Bb3 69. Bh4 Ba4 70. Bf2 Bd1 71. Bh4 Bc2 72. Be1 Bd1 73. Bh4 Bb3 74. Kg4 f6 75. gxf6 gxf6 76. Kf4 Bc2 77. Bg3 Kg7 78. Ke3 Kf7 79. Kd4 Bb3 80. Bb8 Ba4 81. Bh2 Ke6 82. Bb8 Bc2 83. Bc7 Kf5 84. Bh2 Kg4 85. Ke3 Kg5 86. Bb8 Bg6 87. Bh2 Bf7 88. Bf4+ Kg4 89. Bh2 Bc4 90. Bf4 Kf5 91. Bh2 Bf1 92. Kd4 Kg4 93. Ke3 Kf5 94. Kd4 Bg2 95. Ke3 Ke6 96. Kd4 Bd5 97. Bb8 Kf5 98. Ke3 Ba2 99. Kd4 Bd5 100. Ke3 Kg5 101. Bf4+ Kg4 102. Bb8 Kf5 103. Kd4 Bg2 104. Ke3 Kg5 105. Bf4+ Kg4 106. Bh2 f5 107. Bf4 Bh1 108. Be5 Bg2 109. Bf4 Bf1 110. Bd6 Bc4 111. Bf4 Bd5 112. Bd6 Be6 113. Bc7 Ba2 114. Bf4 Bb3 115. Bd6 Bd5 116. Bc7 Kg5 117. Bf4+ Kg4 118. Be5 Bb3 119. Bf4 Bf7 120. Bd6 Be6 121. Bc7 Bb3 122. Bf4 Ba4 123. Bd6 Bb5 124. Bh2 Bf1 125. Bf4 Bg2 126. Bd6 Bh1 127. Bf4 Bf3 128. Be5 Bd5 129. Bd6 Bc4 130. Bh2 Bf7 131. Bf4 Bc4 132. Bh2 Ba2 133. Bd6 Bb1 134. Be5 Bc2 135. Bf4 Bd1 136. Bd6 f4+ 137. Bxf4 Ba4 138. Bc7 Bc2 139. Kd4 Kf3 140. Kc3 Bd1 141. Bd8 Be2 142. Bb6 1/2-1/2